 Dungeon Crawl Stone Soup version 0.20.1-1-g8b1a95d (webtiles) character file.

4473 Hylith the Cleaver (level 10, -1/86 HPs)
             Began as a Minotaur Gladiator on Dec 24, 2017.
             Was a High Priest of Okawaru.
             Slain by a killer bee (4 damage)
             ... on level 11 of the Dungeon.
             The game lasted 00:25:08 (7362 turns).

Hylith the Cleaver (Minotaur Gladiator)             Turns: 7362, Time: 00:25:09

Health: -1/86      AC: 14    Str: 22    XL:     10   Next: 15%
Magic:  18/18      EV:  9    Int:  5    God:    Okawaru [*****.]
Gold:   313        SH:  0    Dex: 15    Spells: 8/9 levels left

rFire    . . .     SeeInvis .   S - +8 great sword of Instant Death {freeze, +Blink rElec rN+}
rCold    . . .     Gourm    .   (shield currently unavailable)
rNeg     + . .     Faith    .   y - +0 plate armour
rPois    .         Spirit   .   c - +0 hat
rElec    +         Reflect  .   (no cloak)
rCorr    .         Harm     .   L - +0 pair of gloves
MR       .....                  (no boots)
Stlth    ..........             U - amulet of rage
Regen    0.3/turn               J - +3 ring of dexterity
MPRegen  0.2/turn               t - ring of magical power

@: lethally poisoned (-1 -> -7)
A: retaliatory headbutt, horns 2
a: Heroism, Finesse, Renounce Religion, Evoke Blink, Evoke Berserk Rage


You were on level 11 of the Dungeon.
You worshipped Okawaru.
Okawaru was extremely pleased with you.
You were not hungry.

You visited 1 branch of the dungeon, and saw 11 of its levels.

You collected 421 gold pieces.
You spent 108 gold pieces at shops.

Inventory:

Hand Weapons
 a - a +0 war axe
 p - a +1 short sword of venom
 I - the +7 great mace "Undeadhunter" {disrupt, rN+}
   (You found it on level 5 of the Dungeon)

   It protects you from negative energy.
 M - a +0 battleaxe
 S - the +8 great sword of Instant Death (weapon) {freeze, +Blink rElec rN+}
   (Okawaru gifted it to you on level 9 of the Dungeon)

   It has been specially enchanted to freeze those struck by it, causing extra
   injury to most foes and up to half again as much damage against particularly
   susceptible opponents.
   It can also slow down cold-blooded creatures.
   It insulates you from electricity.
   It protects you from negative energy.
   It lets you blink.
Missiles
 d - 3 throwing nets (quivered)
Armour
 c - a +0 hat (worn)
 y - a +0 plate armour (worn)
 F - a +2 robe of magic resistance
 L - a +0 pair of gloves (worn)
Jewellery
 t - a ring of magical power (right hand)
 J - a +3 ring of dexterity (left hand)
 N - an uncursed ring of wizardry
 P - an uncursed ring of protection from cold
 U - an amulet of rage (around neck)
Wands
 m - a wand of clouds (6/9)
 s - a wand of confusion (19/48)
 w - a wand of polymorph (16/24)
 D - a wand of disintegration (1/24)
 G - a wand of random effects (38/48)
 R - a wand of paralysis (8/24)
Scrolls
 b - a scroll of silence {unknown}
 e - 4 scrolls of teleportation {unknown}
 g - 4 scrolls of amnesia {unknown}
 i - 4 scrolls of recharging {unknown}
 j - 2 scrolls of enchant weapon {unknown}
 k - 8 scrolls of identify {unknown}
 n - a scroll of noise {unknown}
 q - 4 scrolls of remove curse {unknown}
 u - 3 scrolls of enchant armour {unknown}
 x - 2 scrolls of immolation {unknown}
 B - a scroll of fog {unknown}
 Q - 2 scrolls of fear {unknown}
Potions
 l - a potion of agility {unknown}
 o - 9 potions of curing {unknown}
 r - a potion of heal wounds {unknown}
 v - 4 potions of lignification {unknown}
 A - 2 potions of cancellation {unknown}
 E - 2 potions of mutation {unknown}
 H - 2 potions of might {unknown}
 O - 2 potions of resistance {unknown}
Books
 T - a book of Cantrips

   Spells                             Type                      Level
   a - Confusing Touch                Hexes                        1
   b - Animate Skeleton               Necromancy                   1
   c - Summon Small Mammal            Summoning                    1
   d - Apportation                    Translocation                1
Miscellaneous
 C - a fan of gales
Comestibles
 f - 8 bread rations
 h - 6 royal jellies
 z - 2 meat rations
 K - 4 fruits


   Skills:
 + Level 7.5 Fighting
 + Level 2.0 Long Blades
 + Level 10.4(11.7) Axes
 + Level 8.8(10.9) Maces & Flails
 + Level 2.3 Throwing
 + Level 7.9 Armour
 + Level 4.6 Dodging
 + Level 0.8 Stealth


You had 8 spell levels left.
You knew the following spells:

 Your Spells              Type           Power        Failure   Level  Hunger
a - Summon Small Mammal   Summ           #...         100%        1    ##.....


Dungeon Overview and Level Annotations

Branches:
Dungeon (11/15)            Temple (0/1) D:4
   Lair: D:8-11         Orc: D:9-12

Altars:
Fedhas
Hepliaklqana
Makhleb
Nemelex Xobeh
Okawaru
Qazlal
Sif Muna
Zin

Shops:
D:5 }   D:6 [

Annotations:
D:9 Joseph


Innate Abilities, Weirdness & Mutations

You reflexively headbutt those who attack you in melee.
You have a pair of horns on your head.


Message History

Okawaru accepts your kill.
Your Long Blades skill increases to level 2!
The killer bee stings you but does no damage.
The killer bee completely misses you. You furiously retaliate!
You headbutt the killer bee! You miss the killer bee.
Your headbutt misses the killer bee.
The killer bee is almost dead.
* * * LOW HITPOINT WARNING * * *
You feel sick.
The killer bee stings you but does no damage. x2
The killer bee barely misses you.
You miss the killer bee.
The killer bee is almost dead.
* * * LOW HITPOINT WARNING * * *
You feel sick.
The killer bee stings you but does no damage.
The killer bee closely misses you.
The killer bee stings you but does no damage.
The killer bee stings you.
You die...

. ## .#. .#
...# .#
..... .#
#.#.###.###
#.........
#...y†###.#
#...@†..$.#
##.########
#


You could see a killer bee.

Vanquished Creatures
  Pikel (D:4)
  Psyche (D:9)
  Prince Ribbit (D:5)
  Sigmund (D:5)
  Edmund (D:4)
  An orc warrior (D:6)
  2 ice beasts (D:5)
  A slave (D:3)
  3 centaurs
  A necrophage (D:10)
  8 ogres
  A big kobold (D:9)
  4 bullfrogs
  3 scorpions
  A water moccasin skeleton (D:8)
  10 killer bees
  3 howler monkeys
  A bullfrog zombie (D:6)
  A centaur zombie (D:8)
  3 crimson imps
  A quasit (D:6)
  2 hounds
  A bullfrog skeleton (D:4)
  2 jellies
  4 orc wizards
  An orc priest (D:10)
  9 worker ants
  A worker ant zombie (D:5)
  11 adders
  2 gnolls
  A shadow imp (D:7)
  An ooze (D:1)
  4 adder skeletons
  5 worms
  3 dart slugs
  6 leopard geckos
  14 orcs
  5 bats
  4 giant cockroaches
  5 goblins
  4 hobgoblins
  6 jackals
  11 kobolds
  3 quokkas
  A ball python (D:2)
  4 frilled lizards
  A leopard gecko zombie (D:7)
  7 rats
167 creatures vanquished.

Notes
Turn   | Place    | Note
-------+----------+-------------------------------------------
     0 | D:1      | Hylith the Minotaur Gladiator began the quest for the Orb.
     0 | D:1      | Reached XP level 1. HP: 18/18 MP: 0/0
   332 | D:1      | Reached XP level 2. HP: 14/25 MP: 1/1
   439 | D:1      | Reached skill level 4 in Axes
   755 | D:1      | Reached XP level 3. HP: 30/30 MP: 2/2
  1145 | D:2      | Found a stormy altar of Qazlal.
  1373 | D:2      | Reached skill level 1 in Armour
  1373 | D:2      | Reached XP level 4. HP: 33/37 MP: 3/3
  1779 | D:3      | Reached skill level 5 in Axes
  1877 | D:3      | Found a faded altar of an unknown god.
  1898 | D:3      | Found a burning altar of Makhleb.
  1903 | D:3      | Became a worshipper of Warmaster Okawaru
  1903 | D:3      | Reached * piety under Okawaru
  2168 | D:4      | Found a staircase to the Ecumenical Temple.
  2183 | D:4      | Noticed a slave
  2184 | D:4      | Noticed Pikel
  2184 | D:4      | Noticed a slave
  2184 | D:4      | Noticed a slave
  2255 | D:4      | Reached XP level 5. HP: 44/45 MP: 4/4
  2371 | D:4      | Reached skill level 6 in Axes
  2373 | D:4      | Reached XP level 6. HP: 35/51 MP: 5/5
  2469 | D:3      | Killed a slave
  2747 | D:4      | Reached ** piety under Okawaru
  3023 | D:4      | Found a blossoming altar of Fedhas.
  3024 | D:4      | Noticed Edmund
  3059 | D:4      | Noticed a slave
  3061 | D:4      | Killed Edmund
  3061 | D:4      | Reached skill level 7 in Axes
  3061 | D:4      | Reached XP level 7. HP: 21/60 MP: 6/6
  3075 | D:4      | Killed Pikel
  3075 | D:4      | Reached *** piety under Okawaru
  3075 | D:4      | Reached skill level 5 in Fighting
  3075 | D:4      | Reached skill level 8 in Axes
  3084 | D:4      | Got a twisted short sword
  3132 | D:4      | Found a glowing silver altar of Zin.
  3193 | D:4      | Found a hazy altar of Hepliaklqana.
  3195 | D:4      | Found a sparkling altar of Nemelex Xobeh.
  3388 | D:5      | Entered Level 5 of the Dungeon
  3442 | D:5      | Reached skill level 9 in Axes
  3442 | D:5      | Reached XP level 8. HP: 60/68 MP: 7/7
  3463 | D:5      | Noticed Sigmund
  3471 | D:5      | Killed Sigmund
  3530 | D:5      | Reached skill level 5 in Armour
  3535 | D:5      | Found Healet Eche's Gadget Shop.
  3537 | D:5      | Noticed Prince Ribbit
  3543 | D:5      | Killed Prince Ribbit
  3621 | D:5      | Reached skill level 10 in Axes
  3947 | D:5      | Reached **** piety under Okawaru
  4257 | D:6      | Found Fiotsos's Antique Armour Boutique.
  4303 | D:6      | Found a deep blue altar of Sif Muna.
  4313 | D:6      | Reached skill level 1 in Maces & Flails
  4324 | D:6      | Found a blossoming altar of Fedhas.
  4386 | D:6      | Bought a pair of gloves for 108 gold pieces
  4457 | D:6      | Reached XP level 9. HP: 43/75 MP: 8/8
  5559 | D:7      | Reached skill level 5 in Maces & Flails
  6079 | D:8      | Reached ***** piety under Okawaru
  6625 | D:9      | Noticed Psyche
  6924 | D:9      | Killed Psyche
  6998 | D:9      | Received a gift from Okawaru
  7006 | D:9      | Reached XP level 10. HP: 67/86 MP: 9/9
  7021 | D:9      | Got a polished great sword {god gift}
  7022 | D:9      | Identified the +8 great sword of Instant Death {freeze, +Blink rElec rN+} (Okawaru gifted it to you on level 9 of the Dungeon)
  7072 | D:9      | Learned a level 1 spell: Summon Small Mammal
  7157 | D:9      | Noticed a six-headed hydra
  7158 | D:9      | Noticed Joseph
  7182 | D:10     | Entered Level 10 of the Dungeon
  7357 | D:11     | Reached skill level 1 in Long Blades
  7362 | D:11     | HP: 3/86 [poisoned by a killer bee]
  7362 | D:11     | Slain by a killer bee

Skill      XL: |  1  2  3  4  5  6  7  8  9 10 |
---------------+-------------------------------+-----
Axes           | 4 5 6 7 9 10 | 10.4
Dodging        | 4 |  4.6
Armour         | 1 2 4 6 7 |  7.9
Fighting       | 3 4 5 6 7 |  7.5
Maces & Flails | 2 8 |  8.8
Long Blades    | 2 |  2.0
Throwing       | |  2.3
Stealth        | |  0.8

Action                   |  1- 3 |  4- 6 |  7- 9 | 10-12 || total
-------------------------+-------+-------+-------+-------++-------
Melee: War axe           |    58 |   123 |    57 |       ||   238
       Headbutt          |     8 |    26 |    28 |     5 ||    67
       Great mace        |       |       |   136 |       ||   136
       Great sword       |       |       |       |    28 ||    28
  Eat: Chunk             |     1 |       |     5 |       ||     6
       Bread ration      |       |     1 |     2 |       ||     3
       Royal jelly       |       |     1 |       |       ||     1
Armor: Leather armour    |     5 |       |       |       ||     5
       Chain mail        |    11 |    50 |       |       ||    61
       Ring mail         |    10 |       |       |       ||    10
       Plate armour      |       |    29 |   146 |    44 ||   219
Dodge: Dodged            |    41 |    56 |   114 |    38 ||   249
       Rpst.: Great sword |       |       |       |    14 ||    14
